 Dungeon Crawl Stone Soup version 0.28.0 (webtiles) character file.

Game seed: 3924937943469911280

1923 Akaron the Cudgeller (level 9, -4/60 HPs)
             Began as an Octopode Warper on Feb 5, 2022.
             Slain by a yak (14 damage)
             ... on level 5 of the Dungeon.
             The game lasted 00:18:34 (8186 turns).

Akaron the Cudgeller (Octopode Warper)              Turns: 8186, Time: 00:18:34

Health: -4/60      AC:  1    Str: 14    XL:     9   Next: 17%
Magic:  12/14      EV: 14    Int: 16    God:
Gold:   246        SH:  0    Dex: 11    Spells: 2/15 levels left

rFire   . . .      SeeInvis .   g - +1 mace (protect)
rCold   + . .      Faith    .   (no shield)
rNeg    + . .      Spirit   .   (helmet restricted)
rPois   +          Reflect  .   (no amulet)
rElec   .          Harm     .   n - ring of positive energy
rCorr   .          Rampage  .   r - ring of protection from cold
Will    .....                   w - ring of poison resistance
Stlth   +++.......              (no ring)
HPRegen 0.20/turn               (no ring)
MPRegen 0.14/turn               (no ring)
                                (no ring)
                                (no ring)

@: on blink cooldown
A: almost no armour, amphibious, 8 rings, camouflage 1, gelatinous body 1,
(nimble swimmer 1), tentacles
a: no special abilities


You were on level 5 of the Dungeon.
You visited 1 branch of the dungeon, and saw 7 of its levels.

You collected 246 gold pieces.

Inventory:

Hand Weapons
 a - a +0 hand axe
 g - a +1 mace of protection (weapon)
 B - a +2 vorpal hand axe
Missiles
 c - 4 boomerangs of dispersal
 m - 5 boomerangs
 u - 6 atropa-tipped darts
 v - 15 poisoned darts
 C - a throwing net (quivered)
Jewellery
 n - a ring of positive energy (left tentacle)
 r - a ring of protection from cold (right tentacle)
 w - a ring of poison resistance (on tentacle)
Wands
 y - a wand of mindburst (8)
 A - a wand of paralysis (8)
Scrolls
 b - a scroll of blinking
 d - 3 scrolls of teleportation
 e - a scroll of immolation {unknown}
 h - a scroll of brand weapon {unknown}
 j - 3 scrolls of fog
 l - 2 scrolls of identify
 o - a scroll of noise {unknown}
 p - a scroll of fear {unknown}
 t - 2 scrolls of vulnerability {unknown}
 x - a scroll of enchant weapon {unknown}
Potions
 f - 2 potions of magic
 i - 4 potions of curing {unknown}
 k - a potion of ambrosia {unknown}
 q - a potion of heal wounds {unknown}
 s - a potion of haste {unknown}
 z - a potion of mutation {unknown}


   Skills:
 + Level 4.8 Fighting
 + Level 2.4(5.2) Axes
 + Level 7.3(7.5) Maces & Flails
 + Level 1.0 Throwing
 + Level 5.5 Dodging
 - Level 4.1 Stealth
 * Level 3.7 Spellcasting
 * Level 4.4 Translocations
 + Level 0.1 Evocations


You had 2 spell levels left.
You knew the following spells:

 Your Spells              Type           Power      Damage    Failure   Level
a - Blink                 Tloc           34%        N/A       4%          2
b - Lesser Beckoning      Tloc           17%        N/A       9%          3
c - Teleport Other        Tloc           17%        N/A       9%          3
d - Manifold Assault      Tloc           17%        N/A       63%         5

Your spell library contained the following spells:

 Spells                   Type           Power      Damage    Failure   Level
 Corpse Rot               Necr/Air       4%         N/A       26%         2
 Poisonous Vapours        Pois/Air       4%         N/A       26%         2
 Static Discharge         Conj/Air       2%         N/A       26%         2
 Gell's Gravitas          Tloc           17%        N/A       9%          3
 Frozen Ramparts          Ice            4%         1d2       45%         3
 Ice Form                 Ice/Tmut       2%         N/A       86%         4
 Summon Ice Beast         Ice/Summ       2%         N/A       86%         4
 Lightning Bolt           Conj/Air       1%         1d12      99%         5
 Maxwell's Capacitive Co  Air            1%         ∞         100%        8


Dungeon Overview and Level Annotations

Branches:
Dungeon (7/15)             Temple (0/1) D:4

Altars:
Makhleb


Innate Abilities, Weirdness & Mutations

You cannot wear most types of armour.
You are amphibious.
You can wear up to eight rings at the same time.
Your skin changes colour to match your surroundings (Stealth+).
Your rubbery body absorbs attacks. (AC +1, EV +1)
((You are camouflaged when in or above water. (Stealth+)))
You have tentacles for arms and can constrict up to eight enemies at once.


Message History

The yak closely misses you. The yak gores you!
You hit the yak.
Your weapon exudes an aura of protection.
The yak is moderately wounded.
The yak barely misses you. The yak gores you!
* * * LOW HITPOINT WARNING * * *
Casting: Blink (safe; 4% risk of failure)
Confirm with . or Enter, or press ? or * to list all spells.
You blink.
You feel stable enough to blink again.
There is a stone staircase leading down here.
You climb downwards.
There is a stone staircase leading up here.
You start resting.
HP restored.
You climb upwards.
There is a stone staircase leading down here.
You hit the yak.
Your weapon exudes an aura of protection.
The yak is lightly wounded.
You barely miss the yak.
The yak is lightly wounded.
The yak barely misses you.
You closely miss the yak.
The yak is lightly wounded.
The yak gores you! x2
You completely miss the yak.
The yak is lightly wounded.
The yak gores you. x2
You hit the yak but do no damage.
Your weapon exudes an aura of protection.
The yak closely misses you.
You barely miss the yak. The yak gores you!
* * * LOW HITPOINT WARNING * * *
Casting: Blink (safe; 4% risk of failure)
Confirm with . or Enter, or press ? or * to list all spells.
You blink.
The yak gores you.
* * * LOW HITPOINT WARNING * * *
The yak gores you!
You die...

.#.# #.# #..##########
.#.#############.####Y...........
.#.##........)[....Y..##########.
.#.##..###.#####.###### #.
.#.##..###.# #.# #. .#.........#
#.# #. .#....###..# #.# #.
.#....<##..# #.# #.
.......##..#####@##### #.
.#.....##.##..§YY....# #.
.##...###.##.###.###.###########.
###.......##.# #.# #.............
##.#.#####.###.# ##############
#.#...........# #.#######.#####
#.# #.# #.#######.#


You could see 2 yaks.

Vanquished Creatures
  Grinder (D:5)
  Sigmund (D:6)
  2 ice beasts (D:6)
  A black bear (D:6)
  A necrophage (D:6)
  An ogre (D:4)
  2 centaurs
  2 phantoms
  A scorpion (D:5)
  2 water moccasin skeletons
  A centaur zombie (D:5)
  4 hounds
  A bullfrog zombie (D:5)
  A gnoll shaman (D:4)
  2 bullfrog skeletons (D:5)
  2 iguanas
  Jessica (D:2)
  An orc wizard (D:6)
  2 hound skeletons
  Robin (D:2)
  8 gnolls
  2 adders
  A shadow imp (D:5)
  A white imp (D:5)
  An ufetubus (D:4)
  2 adder skeletons
  A worm (D:3)
  3 dart slugs
  17 orcs
  12 ball pythons
  2 bats
  7 endoplasms
  5 giant cockroaches
  10 hobgoblins
  4 jackals (D:3)
  6 kobolds
  3 quokkas
  2 frilled lizards
  12 goblins
  9 rats
138 creatures vanquished.

Notes
Turn   | Place    | Note
-------+----------+-------------------------------------------
     0 | D:1      | Akaron the Octopode Warper began the quest for the Orb.
     0 | D:1      | Reached XP level 1. HP: 14/14 MP: 3/3
   266 | D:1      | Reached XP level 2. HP: 13/19 MP: 5/5
   476 | D:1      | Learned a level 2 spell: Blink
   949 | D:1      | Reached skill level 1 in Maces & Flails
   953 | D:1      | Reached XP level 3. HP: 21/24 MP: 6/6
  1356 | D:2      | Reached skill level 1 in Stealth
  1454 | D:2      | Noticed Jessica
  1460 | D:2      | Killed Jessica
  1461 | D:2      | Reached XP level 4. HP: 14/29 MP: 7/7
  2033 | D:2      | Noticed Robin
  2052 | D:2      | Reached skill level 2 in Maces & Flails
  2073 | D:2      | Learned a level 3 spell: Lesser Beckoning
  2146 | D:2      | Killed Robin
  2497 | D:3      | Reached XP level 5. HP: 31/35 MP: 8/8
  2690 | D:3      | Found a faded altar of an unknown god.
  4097 | D:4      | Noticed a centaur
  4111 | D:4      | Killed a centaur
  4112 | D:4      | Reached skill level 3 in Maces & Flails
  4112 | D:4      | Reached XP level 6. HP: 21/41 MP: 9/9
  4353 | D:4      | Learned a level 3 spell: Teleport Other
  4568 | D:4      | Found a staircase to the Ecumenical Temple.
  5015 | D:4      | Reached skill level 4 in Maces & Flails
  5015 | D:4      | Reached XP level 7. HP: 8/46 MP: 10/10
  5399 | D:5      | Entered Level 5 of the Dungeon
  5532 | D:5      | Identified the +6 plate armour "Jovinuo" {Str+6}
  5584 | D:5      | Reached skill level 5 in Maces & Flails
  5609 | D:5      | Noticed Grinder
  5766 | D:5      | Paralysed by Grinder for 2 turns
  5773 | D:5      | Killed Grinder
  5774 | D:5      | Reached XP level 8. HP: 38/54 MP: 11/11
  6137 | D:5      | Reached skill level 6 in Maces & Flails
  6407 | D:6      | Reached skill level 5 in Dodging
  6872 | D:6      | Learned a level 5 spell: Manifold Assault
  6899 | D:6      | Noticed a yak
  6899 | D:6      | Noticed a yak
  7334 | D:6      | Noticed Sigmund
  7346 | D:6      | Reached skill level 7 in Maces & Flails
  7435 | D:6      | Killed Sigmund
  7436 | D:6      | Reached XP level 9. HP: 50/60 MP: 12/14
  7587 | D:6      | Found a burning altar of Makhleb.
  8186 | D:5      | Slain by a yak

Illustrated notes

Levels and vault maps discovered:
D:1:      psy_arrival_spokes, layout_loops_ring
D:2:      layout_basic, hangedman_decor_opposing, item_on_display_a,
          uniq_jessica, uniq_robin
D:3:      layout_basic, shapermc_ecumenical_altar_starsandcircs, minmay_cut_off
D:4:      layout_basic, minmay_temple_entry_large_hall, portal_sewer_entry_d
D:5:      layout_loops_ring, uniq_grinder
D:6:      layout_basic, makhleb_blood_cavern_becter, uniq_sigmund
D:7:      layout_gridville

Skill      XL: |  1  2  3  4  5  6  7  8 |
---------------+-------------------------+-----
Maces & Flails | 1 2 3 4 5 7 |  7.3
Stealth        | 1 2 3 4 |  4.1
Dodging        | 3 4 5 |  5.5
Fighting       | 3 4 |  4.8
Spellcasting   | 3 |  3.7
Translocations | 4 |  4.4
Axes           | |  2.4
Throwing       | |  1.0
Evocations     | |  0.1

Action                   |  1- 3 |  4- 6 |  7- 9 || total
-------------------------+-------+-------+-------++-------
Melee: Hand axe          |    14 |       |       ||    14
       Constrict         |    11 |    32 |    31 ||    74
       Punch             |     1 |     5 |     2 ||     8
       Mace              |    57 |   151 |   191 ||   399
       Tentacles         |     6 |    32 |    48 ||    86
Throw: Boomerang         |     1 |       |       ||     1
       Throwing net      |       |       |     1 ||     1
 Cast: Blink             |       |     3 |     5 ||     8
Evoke: Wand              |       |       |     2 ||     2
  Use: Scroll            |       |       |     3 ||     3
 Stab: Sleeping          |     8 |    10 |     2 ||    20
       Distracted        |       |       |     1 ||     1
Armor: Skin              |    14 |    38 |    49 ||   101
Dodge: Dodged            |    51 |   116 |   121 ||   288
